 Dungeon Crawl Stone Soup version 0.24.0-123-gd5b16e6ec5 (webtiles) character file.

Game seed: 11256604366631834447, levelgen mode: deterministic

232692 mortelune the Warrior (level 18, -2/178 HPs)
             Began as a Minotaur Berserker on Dec 27, 2019.
             Was an Elder of Trog.
             Slain by Polyphemus (3 damage)
             ... while petrified by you
             ... on level 3 of the Shoals.
             The game lasted 01:38:22 (42912 turns).

mortelune the Warrior (Minotaur Berserker)         Turns: 42912, Time: 01:38:22

Health: -2/178     AC: 30    Str: 31    XL:     18   Next: 83%
Magic:  8/8        EV:  2    Int:  5    God:    Trog [****..]
Gold:   652        SH:  0    Dex: 10    Spells: 17/17 levels left

rFire    . . .     SeeInvis .   h - +9 triple sword (antimagic)
rCold    + . .     Gourm    .   (shield currently unavailable)
rNeg     + + +     Faith    .   T - +2 plate armour {rPois}
rPois    ∞         Spirit   .   (helmet restricted)
rElec    .         Reflect  +   k - +2 cloak {rPois}
rCorr    .         Harm     .   I - +2 pair of gloves
MR       ++...                  b - +1 pair of boots
Stlth    ..........             m - +5 amulet of reflection
HPRegen  0.39/turn              a - ring of protection from magic
MPRegen  0.11/turn              Q - ring of Life {+Inv rC+ rN+ Str+2}

@: petrified, berserk cooldown, slowed, very slow
A: retaliatory headbutt, horns 2
}: 1/15 runes: serpentine
a: Berserk, Trog's Hand, Brothers in Arms, Renounce Religion, Evoke Invisibility


You were on level 3 of the Shoals.
You worshipped Trog.
Trog was greatly pleased with you.
You were not hungry.

You visited 5 branches of the dungeon, and saw 30 of its levels.

You collected 3387 gold pieces.
You spent 2735 gold pieces at shops.

Inventory:

Hand Weapons
 d - a +1 short sword of flaming
 h - a +9 antimagic triple sword (weapon)
 y - the +10 scimitar "Boss" {venom, rF+}
   (You bought it in a shop on level 2 of the Orcish Mines)

   It poisons the flesh of those it strikes.
   It protects you from fire.
Missiles
 w - 52 boomerangs (quivered)
 K - 8 javelins
 M - 6 silver javelins
Armour
 b - a +1 pair of boots (worn)
 j - a +0 shield of cold resistance
 k - a +2 cloak of poison resistance (worn)
 I - a +2 pair of gloves (worn)
 O - +0 fire dragon scales
 T - a +2 plate armour of poison resistance (worn)
Jewellery
 a - a ring of protection from magic (left hand)
 m - a +5 amulet of reflection (around neck)
 z - the ring "Ricizaon" {rF+ rC++ Stlth-}
   (You bought it in a shop on level 2 of the Snake Pit)

   [ring of attention]

   It protects you from fire.
   It greatly protects you from cold.
   It makes you less stealthy.
 D - the ring of Inarchei {*Slow Slay+2 SInv Stlth+}
   (You found it on level 2 of the Snake Pit)

   [ring of stealth]

   It affects your accuracy and damage with ranged weapons and melee attacks
   (+2).
   It lets you see invisible.
   It may slow you when you take damage.
   It makes you more stealthy.
 Q - the ring of Life (right hand) {+Inv rC+ rN+ Str+2}
   (You found it on level 6 of the Lair of Beasts)

   [ring of strength]

   It affects your strength (+2).
   It protects you from cold.
   It protects you from negative energy.
   It lets you turn invisible.
Wands
 g - a wand of polymorph (14)
 o - a wand of flame (90)
 s - a wand of iceblast (6)
 S - a wand of paralysis (3)
 W - a wand of disintegration (23)
Scrolls
 e - 8 scrolls of enchant weapon
 f - a scroll of fear
 n - 9 scrolls of remove curse
 p - 3 scrolls of blinking
 t - 2 scrolls of immolation
 A - 2 scrolls of torment
 C - 4 scrolls of magic mapping
 E - 6 scrolls of teleportation
 H - 3 scrolls of enchant armour
 X - a scroll of holy word
 Z - 2 scrolls of brand weapon
Potions
 i - 2 potions of heal wounds
 l - 4 potions of invisibility
 q - 16 potions of curing
 r - 4 potions of magic
 v - a potion of flight
 x - 4 potions of lignification
 F - 2 potions of resistance
 G - 5 potions of might
 J - 3 potions of brilliance
 L - 5 potions of agility
 N - a potion of cancellation
 R - 3 potions of mutation
 U - 4 potions of haste
 Y - 2 potions of berserk rage
Miscellaneous
 u - a sack of spiders
 P - 3 phantom mirrors
Comestibles
 c - 23 rations
 B - 4 chunks of flesh


   Skills:
 + Level 20.1 Fighting
 - Level 19.1 Long Blades
 + Level 5.0 Throwing
 - Level 17.7 Armour
 + Level 4.6 Dodging
 - Level 14.0 Shields
 + Level 11.3 Evocations


You had 17 spell levels left.
You didn't know any spells.
Your spell library contained the following spells:

 Spells                   Type           Power        Failure   Level  Hunger
 Animate Skeleton         Necr           N/A          93%         1    ##.....
 Corona                   Hex            #......      93%         1    ##.....
 Flame Tongue             Conj/Fire      #....        93%         1    ##.....
 Magic Dart               Conj           #...         93%         1    ##.....
 Pain                     Necr           #...         93%         1    ##.....
 Shock                    Conj/Air       #...         93%         1    ##.....
 Corpse Rot               Necr           N/A          98%         2    ###....
 Ensorcelled Hibernation  Hex/Ice        #.....       98%         2    ###....
 Poisonous Vapours        Pois/Air       #.....       98%         2    ###....
 Searing Ray              Conj           #.....       98%         2    ###....
 Slow                     Hex            #.......     98%         2    ###....
 Swiftness                Chrm/Air       #.......     98%         2    ###....
 Throw Flame              Conj/Fire      #.....       98%         2    ###....
 Confuse                  Hex            #.......     100%        3    ####...
 Conjure Flame            Conj/Fire      #.......     100%        3    ####...
 Dazzling Spray           Conj/Hex       #.....       100%        3    ####...
 Ignite Poison            Fire/Tmut/Pois #.......     100%        3    ####...
 Inner Flame              Hex/Fire       #.......     100%        3    ####...
 Mephitic Cloud           Conj/Pois/Air  #.......     100%        3    ####...
 Portal Projectile        Hex/Tloc       #.....       100%        3    ####...
 Regeneration             Chrm/Necr      #.........   100%        3    ####...
 Stone Arrow              Conj/Erth      #.....       100%        3    ####...
 Tukima's Dance           Hex            #.......     100%        3    ####...
 Vampiric Draining        Necr           #.........   100%        3    ####...
 Animate Dead             Necr           N/A          100%        4    #####..
 Cause Fear               Hex            #.........   100%        4    #####..
 Force Lance              Conj/Tloc      #.......     100%        4    #####..
 Fulminant Prism          Conj/Hex       #.........   100%        4    #####..
 Ice Form                 Ice/Tmut       #.......     100%        4    #####..
 Iskenderun's Mystic Bla  Conj           #.......     100%        4    #####..
 Leda's Liquefaction      Hex/Erth       #.........   100%        4    #####..
 Sticky Flame             Conj/Fire      #.......     100%        4    #####..
 Bolt of Magma            Conj/Fire/Erth #.........   100%        5    ######.
 Fireball                 Conj/Fire      #.........   100%        5    ######.
 Lightning Bolt           Conj/Air       #.........   100%        5    ######.
 Metabolic Englaciation   Hex/Ice        #.........   100%        5    ######.
 Summon Forest            Summ/Tloc      #.........   100%        5    ######.
 Bolt of Cold             Conj/Ice       #.........   100%        6    #######
 Bolt of Fire             Conj/Fire      #.........   100%        6    #######
 Freezing Cloud           Conj/Ice/Air   #.........   100%        6    #######
 Hydra Form               Tmut           #.........   100%        6    #######
 Iron Shot                Conj/Erth      #.........   100%        6    #######
 Ozocubu's Refrigeration  Ice            #.........   100%        6    #######
 Simulacrum               Ice/Necr       #.........   100%        6    #######
 Statue Form              Tmut/Erth      #........    100%        6    #######
 Ring of Flames           Chrm/Fire      #.........   100%        7    #######
 Summon Hydra             Summ           #.........   100%        7    #######
 Ignition                 Fire           #.........   100%        8    #######
 Shatter                  Erth           #.........   100%        9    #######


Dungeon Overview and Level Annotations

Branches:
Dungeon (15/15)            Temple (0/1) D:7            Lair (6/6) D:9
 Shoals (3/4) Lair:2        Snake (4/4) Lair:2        Slime (0/5) Lair:5
    Orc (2/2) D:12            Elf (0/3) Orc:2        Vaults (0/5) D:13
 Depths (0/5) D:15

Altars:
Cheibriados
Elyvilon
Kikubaaqudgha
Nemelex Xobeh
Okawaru
Qazlal
Sif Muna
Trog
Vehumet
Yredelemnul
Zin
The Shining One
Jiyva

Shops:
D:7 [   D:10 [   Orc:2 (=*[   Snake:2 =}=

Annotations:
D:3 3 runed translucent doors, LifeIsToil's ghost, amateur MiGl
D:5 1 runed translucent door
Shoals:3 Ilsuiw; Polyphemus; Roxanne


Innate Abilities, Weirdness & Mutations

You reflexively headbutt those who attack you in melee.
You have a pair of horns on your head.


Message History

The catoblepas gores you.
* * * LOW HITPOINT WARNING * * *
Polyphemus hits you!
* * * LOW HITPOINT WARNING * * *
Polyphemus hits you!
* * * LOW HITPOINT WARNING * * *
You have turned to stone.
The catoblepas gores you but does no damage.
Polyphemus barely misses you. Polyphemus hits you!
* * * LOW HITPOINT WARNING * * *
The catoblepas breathes a plume of calcifying dust at you.
The blast of calcifying dust hits you but does no damage.
Polyphemus hits you but does no damage. Polyphemus hits you.
* * * LOW HITPOINT WARNING * * *
You are engulfed in calcifying dust.
The catoblepas breathes a plume of calcifying dust at you.
The blast of calcifying dust hits you.
* * * LOW HITPOINT WARNING * * *
Polyphemus hits you.
You die...

..........(.....P≈≈≈≈≈≈≈≈≈≈≈≈≈≈≈≈
.≈≈.........P..P≈≈PP≈≈≈≈≈≈≈≈≈≈≈≈≈
≈≈≈≈.......#..≈≈≈.P≈≈≈≈≈≈≈≈≈≈≈≈≈≈
≈≈≈≈≈≈.≈......P≈≈P≈≈≈≈≈≈≈≈≈≈≈≈≈≈≈
≈≈≈≈≈≈≈≈≈≈≈..P≈≈≈≈≈≈≈≈≈≈≈≈≈≈≈≈≈≈≈
≈≈≈≈≈≈≈≈≈≈≈≈≈PP≈≈≈P≈≈≈≈≈≈≈≈≈≈≈≈≈≈
≈...≈≈≈≈≈P≈≈≈≈PP≈≈§≈≈≈≈≈≈≈≈≈≈≈≈≈≈
.###..≈≈≈≈PP(≈≈≈≈§≈≈≈≈≈≈≈≈≈≈≈≈≈≈≈
.##...≈≈≈≈≈P≈≈≈≈@≈≈≈≈≈≈≈≈≈≈≈≈≈≈≈≈
≈....≈≈≈....≈≈≈YYC≈≈≈≈≈≈..≈≈≈≈≈≈≈
≈≈≈≈≈≈≈.##..≈≈PP≈≈≈≈≈≈...≈≈≈≈§≈≈≈
≈≈≈≈≈≈≈....≈≈≈≈≈(≈≈≈≈....≈≈≈≈≈≈≈≈
≈.....≈...≈≈≈≈≈≈≈≈≈≈....≈..≈≈≈≈≈≈
≈.###...≈≈≈≈≈≈)≈≈≈≈≈.#.≈..≈≈≈≈≈≈≈
≈.# #...≈≈≈≈≈≈≈≈≈≈.≈##...≈≈≈≈≈≈≈≈
≈.###.≈≈≈≈≈≈≈≈≈≈≈≈≈≈..(÷≈≈≈≈≈≈≈≈≈
≈....≈≈≈≈≈≈≈≈≈≈≈≈≈≈≈≈..≈≈≈≈≈≈≈≈≈≈


You could see Polyphemus, a death yak (petrified) and a catoblepas.

Vanquished Creatures
  Saint Roka (Snake:4)
  Rupert (D:13)
  Jorgrun (Orc:1)
  10 nagarajas
  Louise (Snake:3)
  2 orc warlords
  Aizul (Snake:4)
  2 merfolk impalers (Shoals:1)
  Josephine (D:12)
  A yaktaur captain (D:15)
  2 fire dragons
  3 vault guards (D:13)
  Erolcha (D:11)
  7 hydras
  13 naga warriors
  A centaur warrior (D:15)
  16 anacondas
  6 two-headed ogres
  A merfolk avatar (Shoals:2)
  An ogre mage (D:15)
  A satyr (Shoals:2)
  2 alligators (Snake:3)
  A catoblepas (Lair:2)
  3 death knights
  An alligator snapping turtle (Shoals:2)
  15 death yaks
  8 naga sharpshooters
  3 orc high priests
  6 shock serpents
  2 salamander mystics
  A skeletal warrior (D:13)
  7 sea snakes
  7 naga ritualists
  4 unseen horrors
  A swamp dragon (Snake:3)
  4 phantasmal warriors
  A lindwurm (Lair:6)
  13 harpies (Shoals:1)
  5 orc knights
  5 orc sorcerers
  8 mana vipers
  7 ugly things
  4 manticores
  13 salamanders
  7 cyclopes
  2 fauns (Shoals:2)
  A centaur zombie (D:14)
  34 black mambas
  17 naga magi
  12 elephants
  4 merfolk sirens
  2 water nymphs
  Maurice (D:8)
  Psyche (D:8)
  17 guardian serpents
  A torpor snail (Lair:4)
  3 molten gargoyles (Lair:6)
  An ice statue (D:15)
  9 spiny frogs
  4 centaur skeletons
  5 rime drakes
  A redback zombie (D:12)
  2 freezing wraiths
  14 komodo dragons
  A tengu conjurer (D:15)
  A meliai (shapeshifter) (D:9)
  9 trolls
  Prince Ribbit (D:5)
  4 wind drakes
  Grinder (D:4)
  A slime creature (Snake:3)
  7 merfolk
  4 dream sheep (Shoals:1)
  18 hippogriffs
  10 blink frogs
  3 snapping turtles
  2 shadows
  Sigmund (D:2)
  2 water elementals (Shoals:1)
  4 wyverns
  54 yaks
  A vampire (D:9)
  6 wraiths
  9 humans (D:13)
  4 basilisks
  2 hungry ghosts (D:11)
  Grum (D:8)
  5 steam dragons
  4 vampire mosquitoes
  3 swamp worms (Snake:3)
  Menkaure (D:7)
  2 wargs
  A soldier ant (D:14)
  58 nagas
  An acid dragon (D:9)
  3 hell hounds (Lair:6)
  Duvessa (D:7)
  10 porcupines
  17 water moccasins
  3 swamp drakes (Snake:3)
  2 hornet zombies
  34 orc warriors
  9 ice beasts
  3 sky beasts (D:11)
  2 black bears
  A phantom (D:7)
  2 necrophages
  17 ogres
  4 centaurs
  7 wolves
  10 crocodiles
  5 big kobolds
  Blork the orc (D:4)
  2 gnoll sergeants
  24 bullfrogs
  2 wyvern skeletons
  Dowan (D:7)
  5 scorpions
  22 killer bees
  6 howler monkeys
  22 wights
  An electric eel (Lair:2)
  14 crimson imps
  6 hounds
  A jelly (D:11)
  2 quasits (D:11)
  5 lava snakes (Lair:6)
  8 bullfrog skeletons
  A gnoll shaman (D:6)
  17 orc priests
  An iron imp (D:6)
  5 iguanas
  Ijyb (D:4)
  Terence (D:2)
  29 orc wizards
  10 worker ants
  2 hound skeletons
  Robin (D:4)
  A worker ant zombie (D:9)
  17 gnolls
  11 adders
  7 shadow imps
  An adder skeleton (D:8)
  7 worms
  2 dart slugs
  8 leopard geckos
  85 orcs
  17 bats
  7 giant cockroaches
  13 goblins
  9 hobgoblins
  13 jackals
  30 kobolds
  6 quokkas
  A ball python skeleton (D:3)
  3 frilled lizards
  9 rats
  A spectral orc (D:3)
  3 fungi
  3 plants (Shoals:3)
  5 tentacles (Shoals:3)
1132 creatures vanquished.

Vanquished Creatures (collateral kills)
  Agnes (Snake:1)
  A dire elephant (Lair:2)
  A death yak (Lair:6)
  A salamander mystic (Snake:3)
  A lindwurm (Lair:4)
  An orc knight (Orc:2)
  An oklob plant (Snake:4)
  A salamander (Snake:3)
  An elephant (Lair:2)
  A black mamba (Snake:1)
  A merfolk siren (Shoals:2)
  A gargoyle (D:12)
  A troll (D:12)
  A hippogriff (Lair:4)
  A basilisk (Lair:4)
  A wyvern (Lair:2)
  A yak (D:12)
  An electric eel (Lair:4)
  An orc priest (D:9)
  2 orcs (D:9)
21 creatures vanquished.

Vanquished Creatures (others)
  A nagaraja (Snake:4)
  2 naga sharpshooters (Snake:4)
  A shadow (D:14)
  An orc priest (Snake:4)
  2 orcs (Snake:4)
  6 fungi
  6 plants
  9 tentacles (Shoals:3)
  9 toadstools (Lair:2)
37 creatures vanquished.

Grand Total: 1190 creatures vanquished

Notes
Turn   | Place    | Note
-------+----------+-------------------------------------------
     0 | D:1      | mortelune the Minotaur Berserker began the quest for the
                  | Orb.
     0 | D:1      | Reached XP level 1. HP: 19/19 MP: 0/0
    80 | D:1      | Reached XP level 2. HP: 25/27 MP: 1/1
   146 | D:1      | Reached skill level 4 in Fighting
   372 | D:1      | Reached ** piety under Trog
   629 | D:2      | Reached XP level 3. HP: 25/33 MP: 2/2
  1290 | D:2      | Noticed Sigmund
  1333 | D:3      | Reached XP level 4. HP: 35/41 MP: 3/3
  1618 | D:4      | Found a sparkling altar of Nemelex Xobeh.
  1915 | D:4      | Noticed Blork the orc
  1929 | D:4      | Killed Blork the orc
  1929 | D:4      | Reached skill level 5 in Fighting
  1929 | D:4      | Reached skill level 5 in Long Blades
  1929 | D:4      | Reached XP level 5. HP: 48/48 MP: 4/4
  2172 | D:3      | Reached XP level 6. HP: 35/56 MP: 5/5
  2409 | D:3      | Found a basalt altar of Yredelemnul.
  2685 | D:3      | Noticed LifeIsToil's ghost (amateur MiGl)
  2798 | D:3      | Reached *** piety under Trog
  2849 | D:3      | Found a runed translucent gate.
  2849 | D:3      | Found a runed translucent gate.
  2851 | D:3      | Found a runed translucent gate.
  3002 | D:4      | Reached skill level 5 in Armour
  3090 | D:4      | Noticed Grinder
  3098 | D:4      | Killed Grinder
  3098 | D:4      | Reached skill level 6 in Fighting
  3098 | D:4      | Reached XP level 7. HP: 64/64 MP: 6/6
  3392 | D:4      | Found a glowing golden altar of the Shining One.
  3420 | D:4      | Noticed Ijyb
  3420 | D:4      | Noticed Robin
  3470 | D:4      | Killed Ijyb
  3470 | D:4      | Reached skill level 7 in Fighting
  3494 | D:4      | Killed Robin
  3686 | D:4      | Reached XP level 8. HP: 50/73 MP: 7/7
  3956 | D:5      | Entered Level 5 of the Dungeon
  4215 | D:5      | Found a bloodstained altar of Trog.
  4215 | D:5      | Found a stormy altar of Qazlal.
  4216 | D:5      | Found a white marble altar of Elyvilon.
  4400 | D:5      | Reached skill level 8 in Fighting
  4413 | D:5      | Reached **** piety under Trog
  4770 | D:5      | Noticed a hippogriff
  4779 | D:5      | Killed a hippogriff
  4876 | D:5      | Found a glowing silver altar of Zin.
  4876 | D:5      | Found a runed translucent door.
  4876 | D:5      | Noticed an angel
  5596 | D:6      | Reached skill level 9 in Fighting
  5596 | D:6      | Reached XP level 9. HP: 83/83 MP: 8/8
  5618 | D:6      | Noticed Prince Ribbit
  5645 | D:5      | Killed Prince Ribbit
  5953 | D:6      | Received a gift from Trog
  6020 | D:6      | Found a shimmering blue altar of Sif Muna.
  6121 | D:6      | Found a snail-covered altar of Cheibriados.
  6434 | D:7      | Noticed Duvessa
  6434 | D:7      | Noticed Dowan
  6441 | D:7      | Killed Dowan
  6444 | D:7      | Killed Duvessa
  6474 | D:7      | Noticed Menkaure
  6482 | D:7      | Reached skill level 10 in Fighting
  6487 | D:7      | Killed Menkaure
  6487 | D:7      | Reached skill level 10 in Long Blades
  6579 | D:7      | Found a staircase to the Ecumenical Temple.
  7026 | D:7      | Found Toasagel's Antique Armour Boutique.
  7034 | D:7      | Bought a runed cloak for 165 gold pieces
  7046 | D:7      | Found a radiant altar of Vehumet.
  7339 | D:8      | Noticed Maurice
  7405 | D:8      | Reached skill level 10 in Armour
  7417 | D:8      | Killed Maurice
  7417 | D:8      | Reached XP level 10. HP: 94/94 MP: 9/9
  7673 | D:8      | Found a white marble altar of Elyvilon.
  7753 | D:8      | Noticed Grum
  7761 | D:8      | Killed Grum
  7967 | D:8      | Noticed Psyche
  7972 | D:8      | Killed Psyche
  8090 | D:8      | Reached skill level 11 in Fighting
  8224 | D:2      | Killed Sigmund
  8354 | D:2      | Noticed Terence
  8366 | D:2      | Killed Terence
  9044 | D:9      | Noticed a death knight
  9052 | D:9      | Killed a death knight
  9052 | D:9      | Reached skill level 12 in Fighting
  9221 | D:9      | Found a staircase to the Lair.
  9253 | D:9      | Reached XP level 11. HP: 104/104 MP: 10/10
  9549 | D:9      | Noticed an orc knight
  9563 | D:9      | Killed an orc knight
  9895 | D:10     | Entered Level 10 of the Dungeon
 10178 | D:10     | Reached ***** piety under Trog
 10434 | D:10     | Killed an unseen horror
 10525 | D:10     | Identified Nept's Catalogue of Flight
 10545 | D:10     | Found Beitoull's Armour Emporium.
 10547 | D:10     | Bought a +2 pair of gloves for 231 gold pieces
 10579 | D:10     | Noticed a two-headed ogre
 10586 | D:10     | Killed a two-headed ogre
 10898 | Lair:1   | Entered Level 1 of the Lair of Beasts
 11170 | Lair:1   | Reached skill level 13 in Fighting
 11935 | Lair:2   | Reached XP level 12. HP: 115/115 MP: 11/11
 12135 | Lair:2   | Reached skill level 14 in Fighting
 12514 | Lair:2   | Noticed a catoblepas
 12514 | Lair:2   | Noticed a dire elephant
 12536 | Lair:2   | Found a runed translucent door.
 12851 | Lair:2   | Found a staircase to the Shoals.
 12989 | Lair:2   | Found a staircase to the Snake Pit.
 13158 | Lair:2   | Killed a dire elephant
 13217 | Lair:2   | Killed a catoblepas
 13322 | Lair:3   | Noticed an eight-headed hydra
 13339 | Lair:3   | Killed an eight-headed hydra
 13341 | Lair:3   | Noticed a six-headed hydra
 13355 | Lair:3   | Killed a six-headed hydra
 13355 | Lair:3   | Reached skill level 15 in Fighting
 13850 | Lair:3   | Reached skill level 15 in Long Blades
 13850 | Lair:3   | Reached XP level 13. HP: 126/126 MP: 12/12
 13920 | Lair:3   | Reached skill level 15 in Armour
 15318 | Lair:5   | Found a staircase to the Slime Pits.
 15318 | Lair:5   | Found a viscous altar of Jiyva.
 15903 | Lair:6   | Entered Level 6 of the Lair of Beasts
 15987 | Lair:6   | Reached skill level 16 in Fighting
 16765 | Lair:6   | Reached XP level 14. HP: 127/138 MP: 13/13
 17739 | Lair:6   | Got a transparent golden ring
 17745 | Lair:6   | Identified the ring of Life {+Inv rC+ rN+ Str+2} (You found
                  | it on level 6 of the Lair of Beasts)
 17752 | Lair:6   | Received a gift from Trog
 18137 | Lair:6   | Reached skill level 17 in Fighting
 18285 | Lair:6   | Found a large runed translucent door.
 18287 | Lair:6   | Found a large runed translucent door.
 18532 | Lair:6   | Reached skill level 5 in Evocations
 18532 | Lair:6   | Reached XP level 15. HP: 147/147 MP: 4/18
 19098 | D:11     | Identified the cursed +1 mace "Yluasul" {venom, rC- Str+4}
 19108 | D:11     | Noticed Erolcha
 19136 | D:11     | Killed Erolcha
 19743 | D:12     | Received a gift from Trog
 19777 | D:12     | Found an iron altar of Okawaru.
 20177 | D:12     | Noticed Josephine
 20187 | D:12     | Killed Josephine
 20405 | D:12     | Found a staircase to the Orcish Mines.
 20522 | Orc:1    | Entered Level 1 of the Orcish Mines
 20536 | Orc:1    | Noticed an orc warlord
 20537 | Orc:1    | Noticed Jorgrun
 20558 | D:12     | Killed an orc warlord
 20558 | D:12     | Reached skill level 1 in Throwing
 20744 | Orc:1    | Killed Jorgrun
 20775 | Orc:1    | Reached XP level 16. HP: 156/156 MP: 6/20
 21124 | Orc:2    | Entered Level 2 of the Orcish Mines
 21124 | Orc:2    | Found Zuotifi's Jewellery Shop.
 21134 | Orc:2    | Received a gift from Trog
 21466 | Orc:2    | Found a staircase to the Elven Halls.
 21503 | Orc:2    | Found Viesist's General Store.
 22627 | Orc:2    | Found Uhoulegg's Antique Weapon Shop.
 22776 | Orc:2    | Bought a bloodstained scimitar for 279 gold pieces
 22776 | Orc:2    | Identified the +10 scimitar "Boss" {venom, rF+} (You bought
                  | it in a shop on level 2 of the Orcish Mines)
 22864 | Orc:2    | Found Iga Pukor's Antique Armour Shoppe.
 22972 | Orc:2    | Bought a glowing shield for 195 gold pieces
 23213 | D:13     | Reached skill level 1 in Shields
 23229 | D:13     | Reached skill level 18 in Fighting
 23641 | D:13     | Found a gate to the Vaults.
 23818 | D:13     | Noticed Rupert
 23818 | D:13     | Paralysed by Rupert for 2 turns
 23827 | D:13     | Killed Rupert
 23827 | D:13     | Reached skill level 5 in Shields
 24415 | D:14     | Received a gift from Trog
 24857 | D:15     | Entered Level 15 of the Dungeon
 25587 | D:15     | Found a staircase to the Depths.
 27506 | D:10     | Bought a +2 cloak of poison resistance for 259 gold pieces
 27506 | D:10     | Bought a +2 plate armour of poison resistance for 518 gold
                  | pieces
 27599 | Snake:1  | Entered Level 1 of the Snake Pit
 28721 | Snake:1  | Noticed Agnes
 28734 | Snake:1  | Killed Agnes
 28958 | Snake:2  | Received a gift from Trog
 28959 | Snake:2  | Reached XP level 17. HP: 153/166 MP: 7/22
 29204 | Snake:2  | Found Umpathru's Gadget Emporium.
 29205 | Snake:2  | Found Omoig's Jewellery Boutique.
 29205 | Snake:2  | Found Zuoguhac's Jewellery Boutique.
 29221 | Snake:2  | Bought the ring "Ricizaon" {rF+ rC++ Stlth-} for 663 gold
                  | pieces
 29370 | Snake:2  | Got a faintly glowing lapis lazuli ring
 29449 | Snake:2  | Identified the ring of Inarchei {*Slow Slay+2 SInv Stlth+}
                  | (You found it on level 2 of the Snake Pit)
 30195 | Snake:3  | Reached skill level 10 in Shields
 30438 | Snake:3  | Noticed Louise
 31075 | Snake:3  | Killed Louise
 31133 | Snake:3  | Reached skill level 19 in Fighting
 31719 | Snake:4  | Entered Level 4 of the Snake Pit
 31749 | Snake:4  | Found a shimmering blue altar of Sif Muna.
 33344 | Snake:4  | Paralysed by a naga mage for 3 turns
 33706 | Snake:4  | Noticed Aizul
 33714 | Snake:4  | Killed Aizul
 33727 | Snake:4  | Found an ancient bone altar of Kikubaaqudgha.
 33770 | Snake:4  | Noticed Saint Roka
 34082 | Snake:4  | Killed Saint Roka
 34368 | Snake:4  | Reached skill level 10 in Evocations
 34724 | Snake:4  | Received a gift from Trog
 35517 | Snake:4  | Reached XP level 18. HP: 156/176 MP: 1/24
 37400 | Snake:4  | Received a gift from Trog
 38525 | Snake:4  | Got a serpentine rune of Zot
 38976 | Snake:2  | Bought an uncursed ring of protection from magic for 425
                  | gold pieces
 39065 | Shoals:1 | Entered Level 1 of the Shoals
 39659 | Shoals:1 | Reached skill level 20 in Fighting
 40882 | Shoals:2 | Received a gift from Trog
 42422 | Shoals:3 | Identified Roxanne's Grimoire of Changing
 42422 | Shoals:3 | Noticed Roxanne
 42663 | Shoals:3 | Noticed Ilsuiw
 42839 | Shoals:3 | Reached skill level 5 in Throwing
 42877 | Shoals:3 | Noticed Polyphemus
 42910 | Shoals:3 | HP: 4/178 [Polyphemus (8)]
 42912 | Shoals:3 | HP: 1/178 [catoblepas/blast of calcifying dust[Polyphemus]
                  | (1)]
 42912 | Shoals:3 | Slain by Polyphemus

Levels and vault maps discovered:
D:1:      grunt_arrival_crossed_arrows, layout_rooms
D:2:      layout_rooms, uniq_terence, uniq_sigmund
D:3:      layout_loops_cross, yredelemnul_forgotten_temple_becter,
          gammafunk_ghost_icy
D:4:      kennysheep_spiral_hall, layout_rooms, tso_metal_star, first_ration,
          lemuel_altar_in_water, uniq_blork_the_orc, uniq_ijyb, uniq_robin,
          uniq_grinder
D:5:      layout_basic, gammafunk_temple_overflow_claw, lemuel_angel_altar
D:6:      layout_basic, lemuel_round_altar, chei_slow_surprise,
          uniq_prince_ribbit1
D:7:      layout_basic, vehumet_altar_wand_db, minmay_temple_entry_antechambers,
          serial_shops, shop, serial_glass, glass_columns_b, glass_columns_a,
          uniq_duvessa, uniq_menkaure
D:8:      layout_basic, grunt_pizzeria, elyvilon_altar_4, uniq_maurice,
          uniq_grum, uniq_psyche
D:9:      minmay_the_grid_4x2 [minmay_the_grid_armoury, minmay_the_grid_fan,
          minmay_the_grid_holed_spiral, minmay_the_grid_doors,
          minmay_the_grid_minigrid_medium, minmay_the_grid_eight,
          minmay_the_grid_x, minmay_the_grid_prize_shrinking_boxes],
          layout_cave_pools, dpeg_oklobed_lair, minmay_misc_feat_more_columns
D:10:     layout_irregular_city, serial_shops, nicolae_shop_trees
D:11:     layout_basic, dk_noncrumbling_2, uniq_erolcha
D:12:     layout_irregular_city, hiddenorc1_lemuel, basic_altar, uniq_josephine
D:13:     layout_roguey, ximxim_vaults_locker_room, uniq_rupert
D:14:     layout_long_grid, minmay_staircase_bubble
D:15:     grunt_enter_depths_snipers, layout_long_grid, serial_bayou_pond_d,
          ice2_lemuel
Lair:1:   layout_regular_city
Lair:2:   gammafunk_lair_enchanted_lake, layout_misc_corridors,
          elwin_shoals_entry_stream, minmay_snake_entry_guardpost_medium
Lair:3:   layout_gridlike, chequers_serial_rivers_micro_c
Lair:4:   layout_roguey, serial_bayou_shore_a
Lair:5:   layout_misc_corridors, slime_altar_1, lemuel_fruit_tree
Lair:6:   cheibrodos_lair_end_hotspot, layout_regular_city
Shoals:1: layout_shoals
Shoals:2: layout_shoals, nicolae_shoals_drake_roost
Shoals:3: layout_shoals, serial_shops, nicolae_shop_competitors_out_of_business,
          nicolae_shoals_dead_sea_scrolls, uniq_ilsuiw, uniq_polyphemus,
          uniq_roxanne
Snake:1:  layout_honeycomb, uniq_agnes
Snake:2:  layout_cave_town, st_stairs_14, minmay_shop_grove
Snake:3:  onia_ninara_swampy_vault, layout_rooms, uniq_louise
Snake:4:  grunt_snake_rune_serpentine_throne, layout_cave_town, basic_altar,
          lemuel_oklob_altar, uniq_saint_roka, uniq_aizul
Orc:1:    layout_diamond_mine, uniq_jorgrun
Orc:2:    grunt_orc_gardens, layout_diamond_mine, grunt_orc_garden,
          grunt_orc_garden, grunt_orc_garden, grunt_orc_garden, sword_in_stone

Skill      XL: |  1  2  3  4  5  6  7  8  9 10 11 12 13 14 15 16 17 18 |
---------------+-------------------------------------------------------+-----
Long Blades    | 4 5 6 7 8 10 12 13 15 16 17 18 19 | 19.1
Fighting       | 4 5 6 7 9 10 12 13 15 16 17 18 19 20 | 20.1
Armour         | 3 4 5 6 8 10 11 13 14 16 17 | 17.7
Evocations     | 5 6 8 10 11 | 11.3
Throwing       | 2 3 5 |  5.0
Shields        | 9 12 14 | 14.0
Dodging        | 4 |  4.6

Action                   |  1- 3 |  4- 6 |  7- 9 | 10-12 | 13-15 | 16-18 || total
-------------------------+-------+-------+-------+-------+-------+-------++-------
Melee: Falchion          |    65 |    53 |       |       |       |       ||   118
       Headbutt          |     9 |    11 |    42 |   159 |   219 |   353 ||   793
       Great sword       |       |    31 |   249 |   213 |   379 |   142 ||  1014
       Scimitar          |       |       |       |   390 |   357 |   152 ||   899
       Short sword       |       |       |       |    16 |    36 |       ||    52
       Triple sword      |       |       |       |       |       |  1029 ||  1029
Throw: Stone             |     3 |       |    10 |       |       |       ||    13
       Boomerang         |       |       |       |     1 |       |    53 ||    54
Invok: Berserk           |     1 |     4 |     9 |    13 |    13 |    24 ||    64
       Trog's Hand       |       |     3 |    10 |    14 |    13 |    17 ||    57
       Brothers in Arms  |       |       |       |     3 |     4 |     7 ||    14
 Abil: Evoke Invisibilit |       |       |       |       |       |     5 ||     5
  Use: Scroll            |       |     2 |     4 |    12 |     8 |    18 ||    44
       Potion            |       |       |     3 |       |     1 |     4 ||     8
 Stab: Distracted        |       |       |       |     1 |       |       ||     1
       Confused          |       |       |       |       |       |     1 ||     1
       Petrifying        |       |       |       |       |       |     2 ||     2
       Petrified         |       |       |       |       |       |     2 ||     2
       Invisible         |       |       |       |       |       |     1 ||     1
  Eat: Chunk             |     2 |     6 |    22 |    34 |    34 |    46 ||   144
       Ration            |       |     1 |     1 |     2 |     3 |    17 ||    24
Armor: Animal skin       |    27 |     2 |       |       |       |       ||    29
       Scale mail        |       |    29 |    56 |     1 |    49 |       ||   135
       Chain mail        |       |       |   110 |       |       |       ||   110
       Plate armour      |       |       |    21 |   399 |   421 |  1168 ||  2009
       Fire dragon scale |       |       |       |       |       |    48 ||    48
Dodge: Dodged            |    70 |    62 |   161 |   287 |   439 |   633 ||  1652
Block: Other             |       |       |       |    94 |   174 |   377 ||   645
       Reflection        |       |       |       |     2 |     5 |    42 ||    49
       Shield            |       |       |       |       |       |    92 ||    92
       Rpst.: Falchion   |    15 |     7 |       |       |       |       ||    22
       Great sword       |       |     6 |    36 |    44 |    76 |    19 ||   181
       Scimitar          |       |       |       |    30 |    36 |     9 ||    75
       Triple sword      |       |       |       |       |       |   100 ||   100
